AoeStats
← [GN]mezdap

African Clearing

510845373Analyzed
2v2 RM · 7h ago on Oct 2, 2026· 52m 51s· 4 players
Game mode
Random Map
Map size
Medium (4 player)
Population
200
Speed
Normal
Resources
Standard
Victory
Conquest
Starting age
Dark Age
Ending age
Imperial Age
RankedLock teamsTeams togetherTeam positionsShared explorationLock speedFull tech treeHidden civsTurbo modeCheats
Victory
Defeat
🇩🇪 Huns · Germany
1480
+14
🇩🇪 Burgundians · Germany
1361
+19
🇹🇷 Varangians · Türkiye
1442
-17
🇹🇷 Danes · Türkiye
1408
-16
Skinnymoe
13:34 Feudal Age
11:50 Loom
17:31 Castle Age
16:52 Double-Bit Axe
16:47 Horse Collar
17:08 Fletching
17:33 Gold Mining
30:52 Wheelbarrow
30:42 Ballistics
32:36 Bodkin Arrow
33:14 Ballistics
37:53 Imperial Age
36:21 Padded Archer Armor
36:32 Masonry
37:37 Leather Archer Armor
37:28 Scale Barding Armor
37:34 Forging
38:04 Hand Cart
37:35 Town Watch
38:04 Heavy Cavalry Archer
39:10 Parthian Tactics
42:15 Chemistry
41:23 Thumb Ring
41:22 Husbandry
42:10 Bloodlines
47:04 Bracer
47:25 Chain Barding Armor
47:41 Iron Casting
47:02 Light Cavalry
47:49 Hussar
50:24 Plate Barding Armor
49:12 Cavalier
51:03 Conscription
50:45 Marauders
50:05 Elite Tarkan
52:44 Paladin
Jesse Pikeman
3:51 Loom
13:05 Feudal Age
17:39 Castle Age
16:38 Double-Bit Axe
16:34 Horse Collar
17:33 Bow Saw
18:53 Heavy Plow
19:31 Wheelbarrow
27:48 Hand Cart
27:19 Town Watch
28:25 Stone Mining
28:38 Gold Mining
33:22 Imperial Age
32:23 Scale Barding Armor
32:29 Forging
33:28 Chain Barding Armor
34:43 Iron Casting
36:21 Plate Barding Armor
38:45 Blast Furnace
39:25 Conscription
39:38 Masonry
39:07 Elite Coustillier
42:03 Fletching
45:03 Ballistics
45:14 Architecture
44:40 Bodkin Arrow
46:19 Bracer
47:54 Chemistry
49:19 Burgundian Vineyards
[GN]mezdap
10:51 Loom
12:36 Feudal Age
17:30 Castle Age
15:44 Double-Bit Axe
17:33 Scale Mail Armor
17:48 Forging
34:58 Fletching
38:06 Imperial Age
38:24 Imperial Age
36:32 Wheelbarrow
35:44 Town Watch
36:45 Forging
36:51 Chain Mail Armor
37:15 Gold Mining
37:34 Squires
37:20 Arson
38:25 Iron Casting
39:55 Plate Mail Armor
39:13 Gambesons
40:02 Elite Varangian Guard
41:23 Horse Collar
42:44 Bow Saw
42:40 Heavy Plow
44:52 Blast Furnace
44:54 Capped Ram
48:04 Bodkin Arrow
49:54 Hoardings
49:35 Bracer
49:36 Padded Archer Armor
50:44 Elite Skirmisher
51:30 Thumb Ring
50:57 Pikeman
52:49 Leather Archer Armor
[GN]LAZURİ
9:54 Loom
12:15 Feudal Age
12:51 Double-Bit Axe
17:25 Castle Age
19:05 Bow Saw
21:06 Bloodlines
21:49 Scale Barding Armor
23:35 Wheelbarrow
24:55 Husbandry
25:12 Fletching
25:53 Bodkin Arrow
27:09 Horse Collar
27:50 Forging
29:19 Chain Barding Armor
28:58 Town Watch
30:52 Iron Casting
30:33 Heavy Plow
35:16 Imperial Age
34:06 Ballistics
33:57 Masonry
33:43 Light Cavalry
35:44 Hand Cart
36:00 Bracer
37:01 Chemistry
36:48 Plate Barding Armor
35:59 Cavalier
38:06 Architecture
41:11 Siege Engineers
42:42 Blast Furnace
43:55 Hussar
45:48 Conscription
47:53 Treadmill Crane
48:09 Murder Holes
49:25 Two-Man Saw
48:57 Crop Rotation
Connection lost

Rejoining the realm…

Still unreachable

The connection could not be restored.

Session expired

The server has moved on; the page needs a fresh start.